 Dungeon Crawl Stone Soup version 0.23.0 (webtiles) character file.

Game seed: 17468238619815538575

7 Fucker1990 the Sneak (level 2, -3/19 HPs)
             Began as an Octopode Assassin on Feb 11, 2019.
             Slain by a kobold
             ... wielding a +2 short sword of draining
              (6 damage)
             ... on level 1 of the Dungeon on Feb 12, 2019.
             The game lasted 00:06:48 (831 turns).

Fucker1990 the Sneak (Octopode Assassin)             Turns: 831, Time: 00:06:48

Health: -3/19      AC:  1    Str: 10    XL:     2   Next: 0%
Magic:  2/2        EV: 12    Int: 13    God:
Gold:   33         SH:  0    Dex: 13    Spells: 1/1 levels left

rFire    . . .     SeeInvis .   b - +0 blowgun
rCold    . . .     Gourm    .   (no shield)
rNeg     . . .     Faith    .   (helmet restricted)
rPois    .         Spirit   .   (no amulet)
rElec    .         Reflect  .   (no ring)
rCorr    .         Harm     .   (no ring)
MR       .....                  (no ring)
Stlth    ++++......             (no ring)
HPRegen  0.06/turn              (no ring)
MPRegen  0.08/turn              (no ring)
                                (no ring)
                                (no ring)

@: lightly drained
A: almost no armour, stealthy swim, amphibious, 8 rings, constrict 8, camouflage
1, gelatinous body 1
a: no special abilities


You were on level 1 of the Dungeon.
You were not hungry.

You visited 1 branch of the dungeon, and saw 1 of its levels.

You collected 33 gold pieces.

Inventory:

Hand Weapons
 a - a +2 dagger
 b - a +0 blowgun (weapon)
Missiles
 c - 5 poisoned needles
 d - a curare-tipped needle (quivered)
Comestibles
 f - 4 rations


   Skills:
 + Level 2.1(1.6) Fighting
 + Level 2.1(1.6) Short Blades
 + Level 2.0(1.4) Throwing
 + Level 1.0(0.5) Dodging
 + Level 5.7(5.1) Stealth


You had one spell level left.
You didn't know any spells.
Your spell library was empty.

Dungeon Overview and Level Annotations

Branches:
Dungeon (1/15)

Altars:


Innate Abilities, Weirdness & Mutations

You cannot wear most types of armour.
You are very stealthy in the water. (Stealth+)
You are amphibious.
You can wear up to eight rings at the same time.
You can use your tentacles to constrict eight enemies at once.
Your skin changes colour to match your surroundings (Stealth+).
Your rubbery body absorbs attacks. (AC +1, EV +1)


Message History

You see here a stone.
Firing (i - inventory. (/) - cycle)
c - 6 poisoned needles (quivered)
Press: ? - help, Shift-Dir - straight line, f - kobold
Aim: a kobold, wielding a +2 short sword of draining (severely wounded)
You shoot a poisoned needle.
The poisoned needle closely misses the kobold.
The kobold hits you with a +2 short sword of draining.
You feel drained.
Quivering
d - 2 curare-tipped needles for blowguns.
Firing (i - inventory. (/) - cycle)
d - 2 curare-tipped needles (quivered)
Press: ? - help, Shift-Dir - straight line, f/p - kobold
Aim: a kobold, wielding a +2 short sword of draining (severely wounded)
You shoot a curare-tipped needle.
The curare-tipped needle misses the kobold.
The kobold hits you with a +2 short sword of draining.
* * * LOW HITPOINT WARNING * * *
You feel drained.
* * * LOW HITPOINT WARNING * * *
The kobold hits you with a +2 short sword of draining.
You die...

........#.#.###.# .............#.
........#...###.#..............#.
........#.......#..............'.
................#..............#.
#'#.....#.......#..............'.
รท..............................#.
........#..#...................#.
........#......K...............#.
........##......@..............#)
...............................#.
.......####.......##############.
.......# #......## #. .......#
#....>.# #. .......# #......# #.
###....# #......# #. ######
#......# #. ##.....# #.


You could see a kobold.

Vanquished Creatures
  A goblin (D:1)
  2 kobolds (D:1)
  2 bats (D:1)
  A frilled lizard (D:1)
6 creatures vanquished.

Notes
Turn   | Place    | Note
-------+----------+-------------------------------------------
     0 | D:1      | Fucker1990 the Octopode Assassin began the quest for the
                  | Orb.
     0 | D:1      | Reached XP level 1. HP: 14/14 MP: 1/1
   813 | D:1      | Reached XP level 2. HP: 15/19 MP: 2/2
   831 | D:1      | Slain by a kobold

Action                   || total
-------------------------++-------
Melee: Dagger            ||     7
       Constrict         ||     2
       Tentacles         ||     2
 Fire: Blowgun           ||     4
  Use: Potion            ||     3
       Scroll            ||     2
 Stab: Sleeping          ||     3
Dodge: Dodged            ||     6
